 Dungeon Crawl Stone Soup version 0.29-a0-824-gd827844252 (webtiles) character file.

Game seed: 12322518019219499665

4 indigestion the Firebug (level 1, -2/11 HPs)
             Began as an Octopode Fire Elementalist on July 10, 2022.
             Slain by a goblin
             ... wielding a +0 club
              (4 damage)
             ... on level 1 of the Dungeon.
             The game lasted 00:00:25 (383 turns).

indigestion the Firebug (Octopode Fire Elementalist) Turns: 383, Time: 00:00:26

Health: -2/11      AC:  1    Str:  7    XL:     1   Next: 60%
Magic:  2/3        EV: 13    Int: 17    God:
Gold:   9          SH:  0    Dex: 12    Spells: 3/4 levels left

rFire   . . .      SeeInvis .   c - +0 mace
rCold   . . .      Faith    .   (no shield)
rNeg    . . .      Spirit   .   (helmet restricted)
rPois   .          Reflect  .   (no amulet)
rElec   .          Harm     .   (no ring)
rCorr   .          Rampage  .   (no ring)
Will    .....                   (no ring)
Stlth   +++.......              (no ring)
HPRegen 0.03/turn               (no ring)
MPRegen 0.08/turn               (no ring)
                                (no ring)
                                (no ring)

@: no status effects
A: almost no armour, amphibious, 8 rings, camouflage 1, gelatinous body 1,
(nimble swimmer 1), tentacles
a: no special abilities


You were on level 1 of the Dungeon.
You visited 1 branch of the dungeon, and saw 1 of its levels.

You collected 9 gold pieces.

Inventory:

Hand Weapons
 c - a +0 mace (weapon)
Scrolls
 b - a scroll of identify {unknown}
Potions
 a - a potion of magic


   Skills:
 + Level 2.0 Dodging
 + Level 2.8 Stealth
 + Level 2.0 Spellcasting
 + Level 1.1 Conjurations
 + Level 3.0 Fire Magic


You had 3 spell levels left.
You knew the following spells:

 Your Spells              Type           Power      Damage    Failure   Level
a - Foxfire               Conj/Fire      32%        2x1d5     9%          1

Your spell library contained the following spells:

 Spells                   Type           Power      Damage    Failure   Level
 Scorch                   Fire           24%        2d6       9%          2
 Conjure Flame            Conj/Fire      8%         6-21      24%         3
 Inner Flame              Hex/Fire       6%         N/A       30%         3
 Flame Wave               Conj/Fire      8%         2d5       63%         4


Dungeon Overview and Level Annotations

Branches:
Dungeon (1/15)

Altars:


Innate Abilities, Weirdness & Mutations

You cannot wear most types of armour.
You are amphibious.
You can wear up to eight rings at the same time.
Your skin changes colour to match your surroundings (Stealth+).
Your rubbery body absorbs attacks. (AC +1, EV +1)
((You are camouflaged when in or above water. (Stealth+)))
You have tentacles for arms and can constrict up to eight enemies at once.


Message History

You barely miss the hobgoblin. Your grab misses the hobgoblin.
The hobgoblin hits you.
* * * LOW HITPOINT WARNING * * *
You are too injured to fight recklessly!
You are too injured to fight recklessly!
You are too injured to fight recklessly!
You are too injured to fight recklessly!
You are too injured to fight recklessly!
You are too injured to fight recklessly!
You are too injured to fight recklessly!
You are too injured to fight recklessly!
You are too injured to fight recklessly!
You are too injured to fight recklessly!
You are too injured to fight recklessly!
You barely miss the hobgoblin. Your grab misses the hobgoblin.
Your squeeze misses the hobgoblin. The hobgoblin misses you.
You tentacle-slap the hobgoblin but do no damage.
You grab the hobgoblin. You squeeze the hobgoblin.
You kill the hobgoblin!
Found a mace.
You start resting.
HP restored.
You see here a +0 mace.
c - a +0 mace
c - a +0 mace (weapon)
A goblin comes into view. It is wielding a +0 club.
The helpless goblin fails to defend itself.
You hit the goblin. Your grab misses the goblin.
The goblin is heavily wounded.
The goblin hits you with a +0 club.
You hit the goblin but do no damage. Your grab misses the goblin.
The goblin is heavily wounded.
The goblin hits you but does no damage. The goblin hits you with a +0 club.
* * * LOW HITPOINT WARNING * * *
Casting: Foxfire (safe; 9% risk of failure)
Confirm with . or Enter, or press ? or * to list all spells.
You conjure some foxfire!
The goblin hits you with a +0 club.
* * * LOW HITPOINT WARNING * * *
The goblin attacks as you move away! The goblin hits you with a +0 club.
You die...

[....##.# #.#.#
...#.##.# #.#.#
#.##.##.# #.#.#
#.##.##.##.#..#
#.##......###.####
#....###.#.#.###..
####.# #.##.## #.# .#
#.##.####g##
#.##.....@v#
#.#######.v#####
#.###.## #.........
#......#####..#######
#####.........#
#........##
##########


You could see a goblin (ally target).

Vanquished Creatures
  A ball python (D:1)
  A hobgoblin (D:1)
  A frilled lizard (D:1)
  A rat (D:1)
4 creatures vanquished.

Notes
Turn   | Place    | Note
-------+----------+-------------------------------------------
     0 | D:1      | indigestion the Octopode Fire Elementalist began the quest
                  | for the Orb.
     0 | D:1      | Reached XP level 1. HP: 11/11 MP: 3/3
   383 | D:1      | Slain by a goblin

Illustrated notes

Levels and vault maps discovered:
D:1:      erik_arrival_orb_chamber, layout_loops_ring,
          chequers_serial_rivers_room_b

Action                   || total
-------------------------++-------
Melee: Unarmed           ||     8
       Mace              ||     2
       Constrict         ||     2
       Tentacles         ||     2
 Cast: Foxfire           ||     1
 Stab: Sleeping          ||     2
Armor: Skin              ||     2
Dodge: Dodged            ||     4

Table legend: (Time is in decaauts)
 A = Elapsed time spent in this place.
 B = Non-inter-level travel time spent in this place.
 C = Inter-level travel time spent in this place.
 D = Time resting spent in this place.
 E = Time spent auto-exploring this place.
 F = Levels seen in this place.
 G = Mean time per level.
                   A        B        C        D        E       F      G
               +--------+--------+--------+--------+--------+-----+--------+
         Total |    383 |    383 |      0 |    240 |     95 |   1 |  383.0 |
       Dungeon |    383 |    383 |      0 |    240 |     95 |   1 |  383.0 |
               +--------+--------+--------+--------+--------+-----+--------+

Top non-repeatable levels by time:
     D:1: 383 daAuts
